[Event "Early-Titled-Tuesday-Blitz-January-30-2024"]
[Site "Chess.com"]
[Date "2024.01.30"]
[Round "7"]
[White "Sjakkerntobi"]
[Black "Der_Balak_3Halak"]
[Result "1-0"]
[WhiteElo "2516"]
[BlackElo "2342"]
[TimeControl "180+1"]
[EndTime "9:17:23 PST"]
[Termination "Sjakkerntobi won by resignation"]

1. e4 c5 2. Nf3 Nc6 3. d4 cxd4 4.
Nxd4 g6 5. Nc3 Bg7 6. Be3 Nf6 7. Bc4 O-O 8. Bb3 d6 9. f3 Bd7 10. h4 h5 11. Qd2 a6 12. g4 Nxd4 13. Bxd4 hxg4 14. h5 e5 15. Be3 Nxh5 16. O-O-O Be6 17. Nd5 Re8 18. Bh6 Kh7 19. Bxg7 Kxg7 20. fxg4 Bxg4 21. Rdg1 Qd7 22. Ne3 f5 23. exf5 Bxf5 24. Rxh5 Be6 25. Rhg5 Qf7 26. Qg2 Bxb3 27. Rxg6+ Kf8 28. axb3 Ke7 29.
Qxb7+ Kf8 30. Rg8+ Qxg8 31. Rf1+ 1-0

[Event "Early-Titled-Tuesday-Blitz-January-30-2024"]
[Site "Chess.com"]
[Date "2024.01.30"]
[Round "7"]
[White "ImportedItalianMaple"]
[Black "Zurability"]
[Result "1-0"]
[WhiteElo "2472"]
[BlackElo "2740"]
[TimeControl "180+1"]
[EndTime "9:17:26 PST"]
[Termination "ImportedItalianMaple won on time"]

1. e4 c5 2. Nf3 d6 3. d4 cxd4 4. Qxd4 a6 5. Nc3 e5 6. Qe3 h6 7.
Bc4 Nf6 8. O-O Be7 9. h3 O-O 10.
Qe2 b5 11. Bb3 Be6 12. Rd1 Nbd7 13. Nd5 Nxd5 14. exd5 Bf5 15. a4 b4 16. a5 Nc5 17.
Bc4 Qc7 18. Be3 Rfc8 19. c3 bxc3 20. b4 c2 21. Rdc1 Na4 22. Bxa6 Nc3 23. Qf1 Rcb8 24. Bb6 Rxb6 25. axb6 Qxb6 26. Bd3 Rxa1 27. Rxa1 e4 28.
Bxc2 Qxb4 29. Qe1 Bf6 30. Ra8+ Kh7 31. Nd2 1-0

[Event "Early-Titled-Tuesday-Blitz-January-30-2024"]
[Site "Chess.com"]
[Date "2024.01.30"]
[Round "7"]
[White "Ati1517"]
[Black "Arlo2024"]
[Result "1-0"]
[WhiteElo "2244"]
[BlackElo "2256"]
[TimeControl "180+1"]
[EndTime "9:17:27 PST"]
[Termination "Ati1517 won by checkmate"]

1. e4 e6 2. d4 d5 3. Nd2 dxe4 4. Nxe4 Nd7 5. Nf3 Ngf6 6. Bd3 Nxe4 7. Bxe4 Nf6 8. Bg5 Qd6 9. Bd3 Qb4+ 10. c3 Qxb2 11.
Rc1 Qxa2 12. O-O Be7 13. Ne5 O-O 14. f4 g6 15. Ng4 Nxg4 16. Qxg4 Bxg5 17. fxg5 e5 18.
Qh4 exd4 19. cxd4 c6 20. Bc4 Qa3 21. Rce1 Bf5 22. g4 Be6 23. Bxe6 fxe6 24. Rf6 Qc3 25.
Qf2 Rad8 26. Rexe6 Rxf6 27. gxf6 Qxd4 28. f7+ Kf8 29.
Re8+ Kg7 30. f8=Q# 1-0

[Event "Early-Titled-Tuesday-Blitz-January-30-2024"]
[Site "Chess.com"]
[Date "2024.01.30"]
[Round "7"]
[White "WiktoriaPOL"]
[Black "akinov-akinseye"]
[Result "1-0"]
[WhiteElo "2249"]
[BlackElo "1913"]
[TimeControl "180+1"]
[EndTime "9:17:38 PST"]
[Termination "WiktoriaPOL won by resignation"]

1. c4 f5 2. Nc3 Nf6 3. g3 g6 4.
Bg2 Bg7 5. e3 O-O 6. Nge2 e6 7.
O-O c5 8. d3 d6 9. Rb1 Nc6 10. a3 a5 11. Nb5 Qe7 12. Bd2 d5 13. cxd5 exd5 14. Nf4 Be6 15. Nxe6 Qxe6 16. Nc7 Qd6 17.
Nxa8 Rxa8 18. Qb3 Ne7 19. e4 fxe4 20. dxe4 Rd8 21. Bf4 Qd7 22. exd5 Nfxd5 23. Rbd1 Bd4 24. Be3 Bxe3 25. fxe3 Qc7 26. Bxd5+ Nxd5 27. Rxd5 Rxd5 28. Qxd5+ Kg7 29. Rd1 b6 30. Qd7+ 1-0

[Event "Early-Titled-Tuesday-Blitz-January-30-2024"]
[Site "Chess.com"]
[Date "2024.01.30"]
[Round "7"]
[White "Actuary44"]
[Black "Doublekk14"]
[Result "1-0"]
[WhiteElo "2488"]
[BlackElo "2265"]
[TimeControl "180+1"]
[EndTime "9:17:43 PST"]
[Termination "Actuary44 won on time"]

1. e4 c5 2. d4 cxd4 3. c3 d3 4. Bxd3 Nc6 5. f4 e6 6. Nf3 Bc5 7. Qe2 Nf6 8. Nbd2 a6 9. Nb3 Ba7 10. Be3 Bxe3 11. Qxe3 d5 12. e5 Ng4 13. Qe2 Qb6 14.
h3 Nh6 15. g4 Bd7 16. O-O-O O-O-O 17. Rhe1 Kb8 18. Ng5 Na7 19. Nxh7 Bb5 20. Ng5 Bxd3 21. Qxd3 Nb5 22. Qe3 Qc7 23. Qc5 Qxc5 24. Nxc5 Rc8 25. Nb3 Rc4 26. Rf1 Rhc8 27. Rd3 d4 28. Nd2 Ra4 29. c4 Raxc4+ 30. Nxc4 Rxc4+ 31. Kd2 1-0

[Event "Early-Titled-Tuesday-Blitz-January-30-2024"]
[Site "Chess.com"]
[Date "2024.01.30"]
[Round "7"]
[White "Imagine_Drag0n"]
[Black "Perecke"]
[Result "1-0"]
[WhiteElo "2773"]
[BlackElo "2567"]
[TimeControl "180+1"]
[EndTime "9:17:47 PST"]
[Termination "Imagine_Drag0n won by resignation"]

1. e4 c5 2. Nf3 e6 3. d4 cxd4 4. Nxd4 Nc6 5. Nc3 Qc7 6. Ncb5 Qb8 7. Bd3 a6 8. Nxc6 bxc6 9. Nd4 Nf6 10. O-O c5 11. Nf3 c4 12. Bxc4 Nxe4 13. Re1 Bb7 14. Qd3 d5 15. Bb5+ axb5 16. Qxb5+ Kd8 17. Rxe4 dxe4 18. Bg5+ f6 19. Rd1+ Bd5 20. Rxd5+ exd5 21.
Qxd5+ Bd6 22. Ne5 Qc7 23. Qxa8+ Ke7 24. Qxh8 1-0

[Event "Early-Titled-Tuesday-Blitz-January-30-2024"]
[Site "Chess.com"]
[Date "2024.01.30"]
[Round "7"]
[White "ural58"]
[Black "NowInChess"]
[Result "1-0"]
[WhiteElo "2452"]
[BlackElo "2272"]
[TimeControl "180+1"]
[EndTime "9:17:47 PST"]
[Termination "ural58 won by resignation"]

1. e4 e6 2. d4 d5 3. Nc3 Nc6 4. e5 f6 5. Bb5 Bd7 6. Nf3 Qe7 7. Qe2 fxe5 8. Bxc6 bxc6 9. Nxe5 Nf6 10. Bg5 g6 11. O-O Bg7 12. Rfe1 O-O 13. Nxd7 Qxd7 14. Qxe6+ Rf7 15. f3 Rb8 16. b3 Rb4 17. Qxd7 Nxd7 18.
Re8+ Rf8 19. Rxf8+ Kxf8 20. Ne2 Bxd4+ 21. Nxd4 Rxd4 22.
Be3 Rb4 23. c3 Rb7 24. Re1 c5 25. Bg5 Rb8 26. Re7 Nb6 27. Rxh7 Re8 28. Rxc7 d4 29.
cxd4 cxd4 30. Rxa7 d3 31. Bh6+ Kg8 32. Rg7+ Kh8 33. Rxg6 Rd8 34. Rxb6 d2 35. Bxd2 Rxd2 36. a4 1-0

[Event "Early-Titled-Tuesday-Blitz-January-30-2024"]
[Site "Chess.com"]
[Date "2024.01.30"]
[Round "7"]
[White "Al_Shima"]
[Black "YurasovMat-2012"]
[Result "0-1"]
[WhiteElo "2354"]
[BlackElo "2621"]
[TimeControl "180+1"]
[EndTime "9:17:48 PST"]
[Termination "YurasovMat-2012 won by resignation"]

1. d4 d5 2. Nc3 c5 3. e4 Nf6 4.
Bf4 cxd4 5. Qxd4 Nc6 6. Qa4 d4 7. Nb5 e5 8. Bxe5 Nxe5 9. Nc7+ Ke7 10. Nxa8 Nc6 11. Bb5 Bd7 12. e5 Nd5 13. Qxa7 Nxa7 14. Bxd7 Kxd7 15. O-O-O Bc5 16. Nf3 Qxa8 17. Nxd4 Bxd4 18.
Rxd4 Ke6 19. Rhd1 b5 20. Kb1 Rc8 21. Rh4 h6 22. Rg4 g5 23. h4 Rc4 24. Rg3 Rxh4 25. Rf3 Rf4 26. Rh3 Qh8 27. Rdh1 Qxe5 28. Rxh6+ Ke7 29.
Ra6 Nc8 30. a3 Rxf2 31. Rc6 Ncb6 32. Rd1 Na4 0-1

[Event "Early-Titled-Tuesday-Blitz-January-30-2024"]
[Site "Chess.com"]
[Date "2024.01.30"]
[Round "7"]
[White "stepanosinovsky"]
[Black "GMT4114"]
[Result "1-0"]
[WhiteElo "2383"]
[BlackElo "1949"]
[TimeControl "180+1"]
[EndTime "9:17:48 PST"]
[Termination "stepanosinovsky won on time"]

1. e4 e6 2. d4 d5 3. Nc3 Bb4 4.
e5 Qd7 5. Qg4 f5 6. Qg3 b6 7. h4 Ba6 8. h5 Bxf1 9. Kxf1 Nc6 10. Nge2 O-O-O 11. Qd3 Nge7 12. Nb5 Ng8 13. a4 Na5 14.
Nxa7+ Kb7 15. Nb5 c6 16. Na3 Nh6 17. Nb1 Be7 18. Nd2 g5 19. c3 c5 20. dxc5 bxc5 21. b3 Ng4 22. Nf3 1-0

[Event "Early-Titled-Tuesday-Blitz-January-30-2024"]
[Site "Chess.com"]
[Date "2024.01.30"]
[Round "7"]
[White "emeli_chess"]
[Black "lacafi"]
[Result "1-0"]
[WhiteElo "2478"]
[BlackElo "2248"]
[TimeControl "180+1"]
[EndTime "9:17:49 PST"]
[Termination "emeli_chess won by checkmate"]

1. d4 f5 2. e4 fxe4 3. Nc3 Nf6 4. Bg5 Nc6 5. f3 exf3 6. Nxf3 g6 7. d5 Nb8 8. Bc4 Bg7 9. O-O O-O 10. Qd2 d6 11. Rae1 Nbd7 12. Bh6 Nb6 13. Bb3 Bd7 14. Bxg7 Kxg7 15. Nd4 c5 16. dxc6 bxc6 17. Ne6+ Bxe6 18. Rxe6 Nbd7 19. Ree1 Ne5 20. Ne2 Nfd7 21. Nf4 Qb6+ 22. Kh1 Rf6 23. Ne6+ Kh8 24. Qh6 Nf8 25. Qg7# 1-0

[Event "Early-Titled-Tuesday-Blitz-January-30-2024"]
[Site "Chess.com"]
[Date "2024.01.30"]
[Round "7"]
[White "Grandelicious"]
[Black "NovozhilovSemen"]
[Result "0-1"]
[WhiteElo "2898"]
[BlackElo "2675"]
[TimeControl "180+1"]
[EndTime "9:17:50 PST"]
[Termination "NovozhilovSemen won by resignation"]

1. Nf3 Nf6 2. c4 c5 3. e3 e6 4. b3 b6 5. Bb2 Bb7 6. Be2 d5 7.
cxd5 exd5 8. O-O Bd6 9. d4 O-O 10. Nc3 Nbd7 11. Bd3 Ne4 12. Ne2 Qe7 13. Rc1 f5 14.
Bb5 Ndf6 15. Ne5 Ng4 16. Nxg4 fxg4 17. Ng3 Nxf2 18. Rxf2 Rxf2 19. Kxf2 Rf8+ 20. Ke2 c4 21. bxc4 a6 22. Ba4 dxc4 23. Bc2 Bxg2 24. Qd2 Qh4 25. Qc3 Qxh2 26. Kd2 Bf3+ 0-1

[Event "Early-Titled-Tuesday-Blitz-January-30-2024"]
[Site "Chess.com"]
[Date "2024.01.30"]
[Round "7"]
[White "RamonManon0g"]
[Black "crazy_but_lazy"]
[Result "0-1"]
[WhiteElo "2398"]
[BlackElo "2594"]
[TimeControl "180+1"]
[EndTime "9:17:55 PST"]
[Termination "crazy_but_lazy won by checkmate"]

1. e4 c5 2. Nf3 d6 3. Bb5+ Bd7 4. Bxd7+ Qxd7 5. c4 Nf6 6. Nc3 g6 7. d4 cxd4 8. Nxd4 Bg7 9. f3 O-O 10. O-O Rc8 11. Qd3 e6 12. b3 d5 13. e5 dxc4 14. bxc4 Nc6 15. Rd1 Nxe5 16. Qe2 Nxc4 17. Nf5 exf5 18.
Rxd7 Nxd7 19. Qe1 Re8 20. Qf2 Bxc3 21. Bb2 Bxb2 22. Rd1 Ndb6 23. h4 h5 24. Kh2 Rad8 25.
Rxd8 Rxd8 26. Qc5 Be5+ 27. g3 Rd7 28. a4 a5 29. Kh3 Kg7 30. f4 Bf6 31. Qb5 Rd2 32.
Qe8 Nd6 33. Qb8 Nbc4 34. Qc7 Ne3 35. g4 hxg4+ 36. Kg3 Nf1# 0-1

[Event "Early-Titled-Tuesday-Blitz-January-30-2024"]
[Site "Chess.com"]
[Date "2024.01.30"]
[Round "7"]
[White "simonachess"]
[Black "PawnEatingZombie"]
[Result "1-0"]
[WhiteElo "2357"]
[BlackElo "2154"]
[TimeControl "180+1"]
[EndTime "9:17:56 PST"]
[Termination "simonachess won on time"]

1. d4 Nf6 2. c4 g6 3. Nc3 Bg7 4. e4 d6 5. Be2 O-O 6. Bg5 Na6 7. Qd2 Qe8 8. Bd1 c6 9. Nge2 e5 10. d5 cxd5 11. cxd5 Nc5 12. Bc2 a5 13. O-O Nh5 14.
Bh6 f5 15. Bxg7 Nxg7 16. exf5 gxf5 17. f4 e4 18. Nd1 Bd7 19. Ne3 b5 20. Nd4 Qf7 21. b4 axb4 22. Qxb4 Nh5 23. Nb3 Na4 24.
Qxd6 Nc3 25. Nd4 Qg7 26. Qe5 Rxa2 27. Rxa2 Nxa2 28. Bb3 Nc3 29. Ne6 Bxe6 30. dxe6 Re8 31. e7+ Kh8 32. Nxf5 Qxe5 33. fxe5 1-0

[Event "Early-Titled-Tuesday-Blitz-January-30-2024"]
[Site "Chess.com"]
[Date "2024.01.30"]
[Round "7"]
[White "LeoWin2012"]
[Black "Nouali_Mohamed"]
[Result "0-1"]
[WhiteElo "2188"]
[BlackElo "2496"]
[TimeControl "180+1"]
[EndTime "9:17:56 PST"]
[Termination "Nouali_Mohamed won by checkmate"]

1. e4 c5 2. Nf3 Nc6 3. d4 cxd4 4. Nxd4 g6 5. c4 Bg7 6. Be3 Nf6 7. Nc3 O-O 8. Be2 d6 9. O-O Nxd4 10. Bxd4 Be6 11. f3 Qa5 12. Qd2 Rfc8 13. b3 a6 14. Rfd1 Rab8 15. Nd5 Qxd2 16. Nxf6+ Bxf6 17. Rxd2 Bxd4+ 18. Rxd4 b5 19. cxb5 axb5 20. Rb4 Rc2 21. Rxb5 Ra8 22. Kf1 Raxa2 23. Rxa2 Rxa2 24. Rb8+ Kg7 25. b4 Ra1+ 26. Kf2 Ra2 27. Kf1 d5 28. exd5 Bxd5 29. b5 Rb2 30. b6 e6 31. Ba6 h5 32. b7 h4 33. h3 Kf6 34. f4 Rb6 35. Rh8 Bxb7 36. Bxb7 Rxb7 37. Rxh4 Rb2 38. Rg4 Kf5 39. Kg1 Ke4 40. Kh2 Ke3 41. Rh4 Kf2 42. Rg4 Kf1 43.
h4 Rf2 44. Kh3 Kg1 45. g3 Rh2# 0-1

[Event "Early-Titled-Tuesday-Blitz-January-30-2024"]
[Site "Chess.com"]
[Date "2024.01.30"]
[Round "7"]
[White "santosalberto1987"]
[Black "Hasangatin_Ramil"]
[Result "1-0"]
[WhiteElo "2538"]
[BlackElo "2675"]
[TimeControl "180+1"]
[EndTime "9:17:57 PST"]
[Termination "santosalberto1987 won on time"]

1. e4 c5 2. Nf3 e6 3. g3 Nc6 4.
Bg2 Nf6 5. Qe2 Be7 6. O-O d5 7. exd5 exd5 8. Rd1 d4 9. d3 O-O 10. Na3 Bg4 11. Nc4 Re8 12. Re1 Bf8 13. Qf1 Be6 14. Bd2 Bd5 15. Rxe8 Qxe8 16. Re1 Qd7 17. Nfe5 Nxe5 18.
Nxe5 Qc7 19. Bg5 Bxg2 20. Qxg2 Re8 21. Bxf6 gxf6 22. Nf3 Rxe1+ 23. Nxe1 Qe5 24. Qf1 Qh5 25. Ng2 Qg4 26. Nf4 Bg7 27. Qe2 Qxe2 28. Nxe2 h5 29. Kg2 Kh7 30. h4 Kh6 31. Kf3 Bf8 32. Ke4 Bd6 33. Kf5 Kg7 34. Ng1 b6 35. Nf3 a6 36. a4 1-0

[Event "Early-Titled-Tuesday-Blitz-January-30-2024"]
[Site "Chess.com"]
[Date "2024.01.30"]
[Round "7"]
[White "Klavdia_Nik"]
[Black "Heinza9"]
[Result "0-1"]
[WhiteElo "2134"]
[BlackElo "2305"]
[TimeControl "180+1"]
[EndTime "9:17:57 PST"]
[Termination "Heinza9 won by resignation"]

1. Nf3 f5 2. c4 Nf6 3. b3 d6 4. Bb2 e5 5. d3 c5 6. Nc3 Nc6 7. g3 Be7 8. Bg2 O-O 9. O-O h6 10. e3 g5 11. Nd5 Nxd5 12. cxd5 Nb4 13. d4 e4 14. Ne1 Bf6 15. Qd2 b6 16. f3 Ba6 17.
Nc2 Nxc2 18. Qxc2 Bxf1 19. Rxf1 cxd4 20. fxe4 Rc8 21. Qe2 d3 22. Qh5 Bxb2 23. Qxh6 Bg7 24. Qh5 d2 25. exf5 Rc1 26. Be4 Rxf1+ 27. Kxf1 Qe7 28.
Qf3 Qxe4 29. Qxe4 d1=Q+ 30. Kg2 Be5 31. f6 Qe2+ 32. Kh3 Rxf6 0-1

[Event "Early-Titled-Tuesday-Blitz-January-30-2024"]
[Site "Chess.com"]
[Date "2024.01.30"]
[Round "7"]
[White "chessdjw"]
[Black "amintabatabaei"]
[Result "0-1"]
[WhiteElo "2735"]
[BlackElo "2940"]
[TimeControl "180+1"]
[EndTime "9:17:58 PST"]
[Termination "amintabatabaei won by resignation"]

1. d4 Nf6 2. Nf3 d5 3. c4 e6 4.
g3 dxc4 5. Bg2 Nc6 6. Qa4 Bb4+ 7. Bd2 Nd5 8. Bxb4 Nxb4 9. O-O Rb8 10. Na3 O-O 11.
Qb5 b6 12. Qxc4 Ba6 13. Nb5 Qd5 14. Qxd5 Nxd5 15. a4 Bb7 16. Rfc1 a6 17. Nc3 Ndb4 18. e3 Na5 19. Rd1 Rfd8 20. Ne5 Bxg2 21. Kxg2 f6 22. Nd3 Nxd3 23. Rxd3 c5 24. Rad1 c4 25. R3d2 b5 26.
axb5 axb5 27. d5 b4 28. Ne4 Nb3 29. dxe6 Nxd2 30. e7 Rd7 31. Nc5 Rd6 32. Nb7 Rd5 33. Nd8 Rbxd8 34. exd8=Q+ Rxd8 35. h4 c3 36. bxc3 b3 0-1

[Event "Early-Titled-Tuesday-Blitz-January-30-2024"]
[Site "Chess.com"]
[Date "2024.01.30"]
[Round "7"]
[White "Massakru"]
[Black "olawsson"]
[Result "1-0"]
[WhiteElo "2405"]
[BlackElo "2179"]
[TimeControl "180+1"]
[EndTime "9:18:00 PST"]
[Termination "Massakru won on time"]

1. e4 c5 2. Nf3 a6 3. c3 e6 4. d4 d5 5. exd5 exd5 6. Bd3 Nf6 7. h3 c4 8. Bc2 Bd6 9. O-O O-O 10.
b3 b5 11. a4 Bb7 12. Re1 Nbd7 13. Ne5 Qc7 14. Nxd7 Qxd7 15. b4 Ne4 16. Qf3 f5 17.
Bf4 Qc7 18. Bxd6 Qxd6 19. axb5 axb5 20. Rxa8 Bxa8 21. Na3 Bc6 22. Qe3 Ra8 23. Nb1 Ra2 24.
Qe2 h6 25. f3 Qg3 26. Rf1 Rxc2 27. Qxc2 Ng5 28. Qxf5 Nf7 29. Qc8+ 1-0

[Event "Early-Titled-Tuesday-Blitz-January-30-2024"]
[Site "Chess.com"]
[Date "2024.01.30"]
[Round "7"]
[White "RantomOpening"]
[Black "Mackster23"]
[Result "1-0"]
[WhiteElo "2523"]
[BlackElo "2649"]
[TimeControl "180+1"]
[EndTime "9:18:02 PST"]
[Termination "RantomOpening won by checkmate"]

1. e4 c5 2. c3 Nf6 3. e5 Nd5 4. d4 cxd4 5. Nf3 d6 6. cxd4 Nc6 7. Bc4 dxe5 8. Bxd5 Qxd5 9. Nc3 Qa5 10. d5 Nd8 11. Nxe5 g6 12. Bf4 Qa6 13. a4 Bg7 14. Nb5 O-O 15.
O-O Qa5 16. Nc4 Qb4 17. Rc1 a6 18. Bd2 Qc5 19. Be3 Qb4 20. Nc7 Rb8 21. Ba7 b5 22.
Nb6 Rxb6 23. Bxb6 bxa4 24. Bc5 Qxb2 25. Bxe7 a3 26. Bxf8 Kxf8 27. Rb1 Qe5 28. Rb8 Qxc7 29. Ra8 Bb7 30. d6 Qb6 31. Rb8 a2 32. Qa4 a1=Q 33. Rxa1 Bxa1 34. Qxa1 Qc6 35. Qh8# 1-0

[Event "Early-Titled-Tuesday-Blitz-January-30-2024"]
[Site "Chess.com"]
[Date "2024.01.30"]
[Round "7"]
[White "KanalSzachowy"]
[Black "JuniorJumper"]
[Result "0-1"]
[WhiteElo "2339"]
[BlackElo "2511"]
[TimeControl "180+1"]
[EndTime "9:18:06 PST"]
[Termination "JuniorJumper won by resignation"]

1. e4 e5 2. Nf3 Nc6 3. Bc4 Nf6 4. d4 exd4 5. e5 d5 6. Bb5 Ne4 7. Nxd4 Bd7 8. Bxc6 bxc6 9. O-O Bc5 10. f3 Ng5 11. f4 Ne4 12. Be3 Bb6 13. Nd2 c5 14.
N4b3 Nxd2 15. Qxd2 d4 16. Bf2 Bc6 17. f5 Qd5 18. Bh4 c4 19. Nc1 c3 20. Qg5 f6 21.
exf6 gxf6 22. Qh5+ Kd7 23. Qf3 Qxf3 24. gxf3 cxb2 25.
Rb1 bxc1=Q 26. Rbxc1 Rhg8+ 27. Kh1 Rae8 28. c3 d3 29.
Rcd1 Re3 0-1

[Event "Early-Titled-Tuesday-Blitz-January-30-2024"]
[Site "Chess.com"]
[Date "2024.01.30"]
[Round "7"]
[White "kai_nov"]
[Black "stratacticos"]
[Result "1/2-1/2"]
[WhiteElo "2263"]
[BlackElo "2049"]
[TimeControl "180+1"]
[EndTime "9:18:07 PST"]
[Termination "Game drawn by repetition"]

1. d4 Nf6 2. Nc3 d5 3. Bg5 e6 4. e4 dxe4 5. Nxe4 Be7 6. Bxf6 Bxf6 7. Nf3 Nc6 8. c3 O-O 9. Bd3 g6 10. Qe2 e5 11. Nxf6+ Qxf6 12. dxe5 Qf4 13. g3 Qh6 14. Qd2 Qxd2+ 15. Kxd2 Bg4 16. Be4 Rad8+ 17. Kc2 Rfe8 18. Bxc6 bxc6 19. Nd4 c5 20. Nc6 Rd7 21. Rhe1 Bf3 22. Na5 Rde7 23. Nc4 Bd5 24. Kd3 Bxc4+ 25. Kxc4 Rxe5 26.
Rxe5 Rxe5 27. Kd3 c4+ 28. Kd2 f5 29. Re1 Rd5+ 30. Kc2 Kf7 31. Rd1 Ke6 32. Re1+ Kf7 33. Rd1 Ke6 34. Re1+ Kf7 1/2-1/2

[Event "Early-Titled-Tuesday-Blitz-January-30-2024"]
[Site "Chess.com"]
[Date "2024.01.30"]
[Round "7"]
[White "giovannibrandao7"]
[Black "UnTucopalaTimba"]
[Result "0-1"]
[WhiteElo "2108"]
[BlackElo "1922"]
[TimeControl "180+1"]
[EndTime "9:18:08 PST"]
[Termination "UnTucopalaTimba won on time"]

1. e4 c6 2. d4 d5 3. Nc3 dxe4 4. Nxe4 Bf5 5. Ng3 Bg6 6. h4 h6 7. Nf3 Nd7 8. h5 Bh7 9. Bd3 Bxd3 10. Qxd3 Ngf6 11.
Bf4 e6 12. O-O-O Qa5 13. Kb1 Be7 14. Ne4 Nxe4 15. Qxe4 Nf6 16. Qe2 Rd8 17. Ne5 Nd5 18.
Bd2 Qb6 19. Qf3 Nf6 20. c3 c5 21. Be3 O-O 22. g4 Nd5 23. Bc1 cxd4 24. cxd4 Bf6 25.
g5 hxg5 26. Rhg1 Nb4 27. Bxg5 Bxg5 28. Rxg5 Rxd4 29. Rxd4 Qxd4 0-1

[Event "Early-Titled-Tuesday-Blitz-January-30-2024"]
[Site "Chess.com"]
[Date "2024.01.30"]
[Round "7"]
[White "rasmussvane"]
[Black "bancsoo"]
[Result "1-0"]
[WhiteElo "2972"]
[BlackElo "2804"]
[TimeControl "180+1"]
[EndTime "9:18:09 PST"]
[Termination "rasmussvane won by resignation"]

1. Nf3 d5 2. g3 c6 3. Bg2 Bg4 4. O-O Nf6 5. h3 Bh5 6. d4 e6 7. c4 Be7 8. Nc3 O-O 9. Ne5 Nbd7 10. Qb3 Nxe5 11. dxe5 Nd7 12. cxd5 cxd5 13. g4 Bg6 14. Bf4 Qb6 15. Qxb6 Nxb6 16. Nb5 Rfc8 17. Rfc1 Nc4 18. Nd6 Nxd6 19. exd6 Bf6 20. d7 Rd8 21. Rc7 Bxb2 22. Rd1 b6 23. Bd6 Bf6 24. f4 h6 25. f5 Bh7 26. e4 g6 27. e5 Bh4 28. f6 Bg3 29.
Rdc1 g5 30. Rc8 1-0

[Event "Early-Titled-Tuesday-Blitz-January-30-2024"]
[Site "Chess.com"]
[Date "2024.01.30"]
[Round "7"]
[White "Tunahan_Makaraci"]
[Black "alvarorodriguezavila"]
[Result "1-0"]
[WhiteElo "2538"]
[BlackElo "2351"]
[TimeControl "180+1"]
[EndTime "9:18:10 PST"]
[Termination "Tunahan_Makaraci won by resignation"]

1. e4 c5 2. Nf3 g6 3. d4 cxd4 4. Nxd4 Bg7 5. c4 Nc6 6. Be3 Nf6 7. Nc3 Ng4 8. Qxg4 Nxd4 9. Qd1 Ne6 10. Qd2 Qa5 11. Rc1 d6 12. b3 Nc5 13. f3 f5 14.
Nd5 Qxd2+ 15. Kxd2 Kd8 16. exf5 Bxf5 17. Bg5 Re8 18.
Re1 Be6 19. b4 Bxd5 20. bxc5 Bf7 21. cxd6 Bf6 22. dxe7+ Bxe7 23. Rxe7 Rxe7 24. Bd3 Kd7 25. Bxe7 Kxe7 26. Re1+ Kd7 27. Kc3 Rc8 28. Kd4 b6 29. Re5 Kd6 30. f4 Be6 31. g3 Rc7 32. Be2 Bf5 33.
Rd5+ Ke6 34. c5 bxc5+ 35. Rxc5 Rd7+ 36. Ke3 Re7 37. Re5+ Kd6 38. Rxe7 Kxe7 39. Kd4 Kd6 40. g4 Be6 41. a3 Bc8 42. g5 Bd7 43. h4 Bc8 44.
Bc4 1-0

[Event "Early-Titled-Tuesday-Blitz-January-30-2024"]
[Site "Chess.com"]
[Date "2024.01.30"]
[Round "7"]
[White "MaxLeto"]
[Black "thesupera12"]
[Result "0-1"]
[WhiteElo "2370"]
[BlackElo "2540"]
[TimeControl "180+1"]
[EndTime "9:18:16 PST"]
[Termination "thesupera12 won on time"]

1. e4 d5 2. exd5 Qxd5 3. Nf3 Bg4 4. Be2 Nc6 5. h3 Bh5 6. c4 Qa5 7. O-O O-O-O 8. Nc3 Nf6 9. Rb1 e5 10. a3 e4 11. b4 Qf5 12. Ne1 Bg6 13. Nc2 Bd6 14.
Nb5 Bf4 15. Ne3 Qd7 16. Qa4 a6 17. Rd1 axb5 18. cxb5 Nb8 19. Bb2 Nd5 20. Nc4 Qe6 21. Rbc1 Nb6 22. Qa8 Nxa8 23. a4 Nb6 24. Bg4 f5 25.
Be2 Nxa4 26. Bxg7 Rhg8 27. Ba1 Nd7 28. Na5 Ndb6 29. Rc5 Nxc5 30. bxc5 Rxd2 31. Re1 Qa2 32. Bf1 Qxa5 33. Rc1 Rxf2 34. cxb6 Bxc1 0-1

[Event "Early-Titled-Tuesday-Blitz-January-30-2024"]
[Site "Chess.com"]
[Date "2024.01.30"]
[Round "7"]
[White "Martial2008"]
[Black "vladislavkovalev"]
[Result "0-1"]
[WhiteElo "2680"]
[BlackElo "2864"]
[TimeControl "180+1"]
[EndTime "9:18:19 PST"]
[Termination "vladislavkovalev won by checkmate"]

1. d4 Nf6 2. Nf3 e6 3. Bg5 d5 4.
Nbd2 Be7 5. e3 b6 6. Bd3 Bb7 7. Qe2 Nbd7 8. h4 h6 9. Bf4 Ne4 10. Ne5 Nxe5 11. Bxe5 f6 12. Qh5+ Kf8 13. Bf4 Nxd2 14.
Kxd2 Bd6 15. c3 Qe7 16. Bxd6 Qxd6 17. g4 Ke7 18. Qg6 Rag8 19. g5 Bc6 20. Rag1 fxg5 21. Qh5 Be8 22. Qg4 gxh4 23. Rxh4 Kd8 24. f4 g5 25.
fxg5 Qe7 26. g6 Bxg6 27. Bxg6 Rxg6 28. Qxg6 Qxh4 29. Rg2 Qe7 30. Qh5 Kc8 31. Qe5 Rf8 32. Rg6 Rf2+ 33. Kd3 Kb7 34. Rxe6 Qd7 35. a4 Rxb2 36.
Re7 Qc6 37. e4 Qc4+ 38. Ke3 Qe2+ 39. Kf4 Qf1+ 40. Kg4 Rg2+ 41. Kh5 Qh1+ 42. Qh2 Qxh2# 0-1

[Event "Early-Titled-Tuesday-Blitz-January-30-2024"]
[Site "Chess.com"]
[Date "2024.01.30"]
[Round "7"]
[White "Sam_ChessMood"]
[Black "Snegokhod"]
[Result "1-0"]
[WhiteElo "2898"]
[BlackElo "2577"]
[TimeControl "180+1"]
[EndTime "9:18:21 PST"]
[Termination "Sam_ChessMood won by resignation"]

1. d4 b6 2. e4 g6 3. Nf3 Bb7 4. Bd3 Bg7 5. O-O e6 6. c4 d6 7. Nc3 Ne7 8. Re1 Nd7 9. Be3 h6 10. h4 O-O 11. Qd2 h5 12. Bg5 a6 13. Rad1 Qe8 14.
b4 Nc6 15. Ne2 e5 16. d5 Nd4 17. Nexd4 exd4 18. Bf1 b5 19. cxb5 Ne5 20. Nxd4 axb5 21.
Bxb5 Qb8 22. a4 Qa7 23. Be3 Ng4 24. Nc6 Nxe3 25. Nxa7 Nxd1 26. Rxd1 Rxa7 27. Rc1 Bc8 28. Qe3 Rb7 29. g3 Kh8 30. Qg5 Kh7 31. Qd2 f5 32. Ba6 Ra7 33. Bxc8 Rxc8 34. exf5 gxf5 35. a5 Bh6 36.
Qd3 Rf8 37. Re1 Rf7 38. Re8 Rb7 39. b5 Kg7 40. a6 Ra7 41. Qd4+ 1-0

[Event "Early-Titled-Tuesday-Blitz-January-30-2024"]
[Site "Chess.com"]
[Date "2024.01.30"]
[Round "7"]
[White "tarno17"]
[Black "Resignify"]
[Result "1-0"]
[WhiteElo "2075"]
[BlackElo "2262"]
[TimeControl "180+1"]
[EndTime "9:18:22 PST"]
[Termination "tarno17 won by checkmate"]

1. e4 d6 2. d4 Nf6 3. Nc3 g6 4. Be3 c6 5. Qd2 b5 6. f3 Nbd7 7. g4 Nb6 8. h4 h5 9. g5 Nfd7 10.
Nh3 Bg7 11. f4 b4 12. Nd1 Rb8 13. f5 O-O 14. Nf4 Kh7 15. Bd3 c5 16. fxg6+ fxg6 17. Nxg6 Kxg6 18. e5+ Kf7 19. Bh7 Nc4 20. Rf1+ Ke6 21. d5+ Kxe5 22. Bf4+ Rxf4 23. Qxf4+ Kxd5 24. Be4+ Kd4 25. c3+ bxc3 26. bxc3# 1-0

[Event "Early-Titled-Tuesday-Blitz-January-30-2024"]
[Site "Chess.com"]
[Date "2024.01.30"]
[Round "7"]
[White "jefferyx"]
[Black "Nemegejas"]
[Result "1-0"]
[WhiteElo "2989"]
[BlackElo "2859"]
[TimeControl "180+1"]
[EndTime "9:18:23 PST"]
[Termination "jefferyx won by resignation"]

1. b4 e5 2. Bb2 d6 3. e3 g6 4. Bc4 Bg7 5. Ne2 d5 6. Bb3 Ne7 7. f4 Nd7 8. O-O O-O 9. c4 dxc4 10.
Bxc4 exf4 11. Bxg7 Kxg7 12. Nxf4 a5 13. bxa5 Ne5 14.
Be2 Rxa5 15. Nc3 Nf5 16. Qc2 b6 17. a4 Bb7 18. Nb5 c6 19. Qb2 Re8 20. Nc3 Kg8 21. Rab1 Nd7 22. Qb4 Qe7 23. Bg4 Qxb4 24. Rxb4 Ba6 25.
Rfb1 Rd8 26. e4 Nd6 27. Bxd7 Rxd7 28. Rxb6 Nc4 29. Rxc6 Nxd2 30. Rd1 Nf3+ 31. gxf3 Rb7 32. Rd5 1-0